 Dungeon Crawl Stone Soup version 0.28-a0-1404-g4df0f3684d (webtiles) character file.

Game seed: 8619093997141735974

3408 bande the Cleaver (level 10, -2/61 HPs)
             Began as a Gargoyle Fighter on Jan 5, 2022.
             Was a Priest of Okawaru.
             Slain by a two-headed ogre (8 damage)
             ... on level 8 of the Dungeon.
             The game lasted 00:19:19 (8779 turns).

bande the Cleaver (Gargoyle Fighter)                Turns: 8779, Time: 00:19:19

Health: -2/61      AC: 24    Str: 16    XL:     10   Next: 4%
Magic:  13/13      EV:  9    Int: 10    God:    Okawaru [***...]
Gold:   434        SH:  6    Dex: 17    Spells: 9/9 levels left

rFire   . . .      SeeInvis .   b - +2 war axe (vorpal)
rCold   . . .      Faith    +   c - +0 buckler
rNeg    + + .      Spirit   .   p - +0 plate armour "Onwer" {Dex+4}
rPois   ∞          Reflect  .   f - +1 hat
rElec   +          Harm     .   A - +2 cloak
rCorr   .          Rampage  .   (no gloves)
Will    .....                   (no boots)
Stlth   ..........              i - amulet of faith
HPRegen 0.20/turn               j - ring "Amuetromo" {EV+4 Str-5 Dex+2 Slay+6}
MPRegen 0.13/turn               s - ring of positive energy

@: no status effects
A: sickness immunity, AC +7, negative energy resistance 1, electricity
resistance, torment resistance 1, petrification resistance
a: Renounce Religion, Heroism


You were on level 8 of the Dungeon.
You worshipped Okawaru.
Okawaru was most pleased with you.
You visited 2 branches of the dungeon, and saw 10 of its levels.

You collected 434 gold pieces.

Inventory:

Hand Weapons
 a - a +1 war axe
 b - a +2 vorpal war axe (weapon)
 k - a +0 flail
 x - a +2 flail of protection
Armour
 c - a +0 buckler (worn)
 f - a +1 hat (worn)
 o - a +2 ring mail of cold resistance
 p - the +0 plate armour "Onwer" (worn) {Dex+4}
   (You found it on level 4 of the Dungeon)

   Dex:       It affects your dexterity (+4).
 w - an orb of wrath
 A - a +2 cloak (worn)
Jewellery
 i - an amulet of faith (around neck)
 j - the ring "Amuetromo" (left hand) {EV+4 Str-5 Dex+2 Slay+6}
   (You acquired it on level 3 of the Dungeon)

   [ring of evasion]

   EV:        It affects your evasion (+4).
   Str:       It affects your strength (-5).
   Dex:       It affects your dexterity (+2).
   Slay:      It affects your accuracy & damage with ranged weapons and melee
   (+6).
 s - a ring of positive energy (right hand)
Wands
 B - a wand of iceblast (14)
Scrolls
 d - 2 scrolls of fog
 g - 2 scrolls of magic mapping
 h - a scroll of summoning
 r - a scroll of teleportation
 y - 2 scrolls of enchant weapon
Potions
 e - a potion of invisibility {unknown}
 l - a potion of berserk rage {unknown}
 m - a potion of magic {unknown}
 n - 2 potions of flight
 q - a potion of resistance {unknown}
 t - 2 potions of curing {unknown}
 u - a potion of mutation {unknown}
 v - 3 potions of lignification {unknown}
 z - 2 potions of attraction {unknown}


   Skills:
 + Level 6.4 Fighting
 + Level 8.7 Axes
 + Level 7.1 Armour
 - Level 0.1 Dodging
 + Level 5.4 Shields
 * Level 4.9 Invocations
 * Level 2.8 Evocations


You had 9 spell levels left.
You didn't know any spells.
Your spell library contained the following spells:

 Spells                   Type           Power      Damage    Failure   Level
 Magic Dart               Conj           0%         1d3       100%        1
 Searing Ray              Conj           0%         2d4       100%        2
 Fulminant Prism          Conj/Hex       0%         3d6       100%        4


Dungeon Overview and Level Annotations

Branches:
Dungeon (9/15)             Temple (1/1) D:5
   Lair: D:8-11         Orc: D:9-12

Altars:
Cheibriados
Dithmenos
Elyvilon
Gozag
Hepliaklqana
Kikubaaqudgha
Nemelex Xobeh
Okawaru
Sif Muna
Trog
Uskayaw
Wu Jian
Yredelemnul
The Shining One


Innate Abilities, Weirdness & Mutations

You are immune to sickness and miasma.
Your stone body is resilient. (AC +7)
You are immune to poison.
You resist negative energy. (rN+)
You are resistant to electric shocks. (rElec)
You are resistant to unholy torment.
You are immune to petrification.


Message History

There is a stone staircase leading up here.
You block the killer bee's attack.
The killer bee stings you but does no damage.
You climb upwards.
There is a stone staircase leading down here.
You slash the killer bee!
You kill the killer bee!
Okawaru accepts your kill.
No target in view!
No target in view!
No target in view!
No target in view!
No target in view!
You climb downwards.
The two-headed ogre misses you.
The two-headed ogre hits you with a +0 giant club.
There is a stone staircase leading up here.
The two-headed ogre hits you with a +0 giant club!
The two-headed ogre hits you but does no damage.
You climb upwards.
There is a stone staircase leading down here.
You hit the two-headed ogre.
The two-headed ogre is lightly wounded.
The two-headed ogre hits you with a +0 giant club.
The two-headed ogre hits you with a +0 giant club!
You hit the two-headed ogre.
The two-headed ogre is moderately wounded.
The two-headed ogre hits you with a +0 giant club.
The two-headed ogre hits you but does no damage.
You hit the two-headed ogre.
The two-headed ogre is moderately wounded.
You closely miss the two-headed ogre.
The two-headed ogre is moderately wounded.
The two-headed ogre hits you but does no damage.
The two-headed ogre hits you with a +0 giant club!
* * * LOW HITPOINT WARNING * * *
You slash the two-headed ogre!
The two-headed ogre is severely wounded.
The two-headed ogre barely misses you.
The two-headed ogre hits you with a +0 giant club!
You die...

#...# #[..# #...#
########### #...#
#.........#
#########...###<........#
#..?....'.....#.........####
#.#######...#.#......<..#...
#.#.........#.#.........#...
#.#.......#@O..........['...
#.#[....###.#.#..)......#...
#.#.###.# #.#.#.############
#.#.###.###.#.....#
#.#.#...#.......#.#
#.#.#.###.#.#####.#
#.#.......#.# #.#
#.######.##.# #.#
#........##.# #.#


You could see a two-headed ogre.

Vanquished Creatures
  Prince Ribbit (D:5)
  A hornet (D:7)
  Eustachio (D:4)
  A wyvern (D:8)
  A water moccasin (D:7)
  2 ice beasts
  A sky beast (D:7)
  2 black bears (D:7)
  2 ogres
  A centaur (D:7)
  A necrophage (D:6)
  A phantom (D:5)
  A kobold brigand (D:9)
  A gnoll sergeant (D:5)
  3 wyvern zombies
  A water moccasin zombie (D:5)
  A wyvern skeleton (D:7)
  4 killer bees (D:8)
  3 wights (D:8)
  A howler monkey (D:6)
  4 centaur zombies
  A gnoll shaman (D:4)
  3 jellies
  7 orc priests
  Crazy Yiuf (D:7)
  An iguana (D:4)
  2 centaur skeletons
  Terence (D:2)
  5 orc wizards
  A howler monkey zombie (D:8)
  16 gnolls
  A howler monkey skeleton (D:7)
  2 adders
  A white imp (D:6)
  An adder skeleton (D:4)
  2 worms
  6 dart slugs
  24 orcs
  6 endoplasms
  A giant cockroach (D:1)
  9 hobgoblins
  3 jackals (D:2)
  5 quokkas
  3 ball pythons
  5 bats
  3 goblins
  6 kobolds
  7 rats
157 creatures vanquished.

Vanquished Creatures (others)
  9 fungi (D:7)
9 creatures vanquished.

Grand Total: 166 creatures vanquished

Notes
Turn   | Place    | Note
-------+----------+-------------------------------------------
     0 | D:1      | bande the Gargoyle Fighter began the quest for the Orb.
     0 | D:1      | Reached XP level 1. HP: 14/14 MP: 1/1
   103 | D:1      | Reached skill level 2 in Axes
   117 | D:1      | Reached XP level 2. HP: 16/19 MP: 2/2
   628 | D:1      | Found a faded altar of an unknown god.
   638 | D:1      | Reached XP level 3. HP: 23/23 MP: 3/3
  1057 | D:2      | Noticed Terence
  1065 | D:2      | Killed Terence
  1066 | D:2      | Reached XP level 4. HP: 9/29 MP: 4/4
  1392 | D:2      | Reached skill level 3 in Axes
  1791 | D:2      | Identified the +1 leather armour of the Valley {Harm +Blink
                  | Str+4 Int-3}
  2341 | D:3      | Identified a scroll of acquirement
  2341 | D:3      | Acquired the ring "Amuetromo" {EV+4 Str-5 Dex+2 Slay+6}
  2625 | D:3      | Reached XP level 5. HP: 29/33 MP: 5/5
  2901 | D:4      | Reached skill level 4 in Axes
  2904 | D:4      | Reached XP level 6. HP: 19/38 MP: 6/6
  3326 | D:4      | Identified the +0 plate armour "Onwer" {Dex+4}
  3607 | D:4      | Noticed Eustachio
  3615 | D:4      | Killed Eustachio
  3856 | D:5      | Entered Level 5 of the Dungeon
  3954 | D:5      | Reached skill level 5 in Axes
  3954 | D:5      | Reached XP level 7. HP: 44/44 MP: 7/7
  3979 | D:5      | Noticed Prince Ribbit
  3994 | D:5      | Killed Prince Ribbit
  3995 | D:5      | Reached skill level 5 in Armour
  4070 | D:5      | Found a staircase to the Ecumenical Temple.
  4083 | Temple   | Entered the Ecumenical Temple
  4089 | Temple   | Became a worshipper of Warmaster Okawaru
  4195 | D:5      | Reached skill level 6 in Axes
  4195 | D:5      | Reached skill level 1 in Invocations
  4196 | D:5      | Reached XP level 8. HP: 12/48 MP: 8/8
  4202 | D:5      | Reached skill level 5 in Fighting
  4519 | D:5      | Reached * piety under Okawaru
  5578 | D:6      | Identified the +1 chain mail "Amojem" {Int+5}
  5765 | D:6      | Reached skill level 7 in Axes
  6142 | D:7      | Reached ** piety under Okawaru
  6334 | D:7      | Found an ornate altar of the Wu Jian Council.
  6340 | D:7      | Reached XP level 9. HP: 49/55 MP: 11/11
  6351 | D:7      | Reached skill level 1 in Evocations
  6586 | D:7      | Found a runed translucent door.
  6587 | D:7      | Noticed Crazy Yiuf
  6609 | D:7      | Noticed a hornet
  6619 | D:7      | Killed a hornet
  6619 | D:7      | Reached *** piety under Okawaru
  6664 | D:7      | Reached skill level 5 in Shields
  6941 | D:7      | Killed Crazy Yiuf
  7336 | D:7      | Reached skill level 8 in Axes
  7483 | D:8      | Received a gift from Okawaru
  8541 | D:9      | Reached XP level 10. HP: 54/61 MP: 13/13
  8762 | D:9      | Noticed a two-headed ogre
  8779 | D:8      | Slain by a two-headed ogre

Illustrated notes

Levels and vault maps discovered:
D:1:      wander_arrival_peaceful_grave, layout_loops_ring,
          shapermc_ecumenical_altar_pompeii
D:2:      layout_loops_ring, chequers_serial_rivers_room_b, uniq_terence
D:3:      layout_basic
D:4:      layout_gridville, uniq_eustachio
D:5:      layout_basic, minmay_temple_entry_statues_fountains,
          chequers_serial_rivers_micro_b, uniq_prince_ribbit1
D:6:      layout_basic, minivault_22, kennysheep_generic_room_14
D:7:      layout_rooms, mainiacjoe_overflow_cross_hatched, glass_columns_a,
          palyth_stone_intersect, uniq_crazy_yiuf_cottage
D:8:      layout_basic
D:9:      layout_layer_cave, gammafunk_ghost_cemetery, st_stairs_5
Temple:   dpeg_three_leaves_temple

Skill      XL: |  1  2  3  4  5  6  7  8  9 |
---------------+----------------------------+-----
Axes           | 2 3 4 5 6 7 8 |  8.7
Fighting       | 4 5 6 |  6.4
Armour         | 4 5 6 7 |  7.1
Shields        | 4 5 |  5.4
Invocations    | 1 3 4 |  4.9
Evocations     | 2 |  2.8
Dodging        | |  0.1

Action                   |  1- 3 |  4- 6 |  7- 9 | 10-12 || total
-------------------------+-------+-------+-------+-------++-------
Melee: War axe           |    75 |    98 |   165 |    16 ||   354
  Use: Scroll            |     2 |     6 |     8 |       ||    16
       Potion            |       |       |     4 |       ||     4
Armor: Scale mail        |    41 |    45 |       |       ||    86
       Plate armour      |       |     3 |   110 |    14 ||   127
Dodge: Dodged            |    35 |    45 |    86 |     7 ||   173
Block: Buckler           |    11 |    21 |    68 |     5 ||   105

Table legend: (Time is in decaauts)
 A = Elapsed time spent in this place.
 B = Non-inter-level travel time spent in this place.
 C = Inter-level travel time spent in this place.
 D = Time resting spent in this place.
 E = Time spent auto-exploring this place.
 F = Levels seen in this place.
 G = Mean time per level.
                   A        B        C        D        E       F      G
               +--------+--------+--------+--------+--------+-----+--------+
         Total |   8885 |   8772 |    113 |   2760 |   4583 |  10 |  888.5 |
       Dungeon |   8872 |   8759 |    113 |   2760 |   4583 |   9 |  985.8 |
        Temple |     12 |     12 |      0 |      0 |      0 |   1 |   12.0 |
               +--------+--------+--------+--------+--------+-----+--------+

Top non-repeatable levels by time:
     D:7: 1706 daAuts
     D:5: 1584 daAuts
     D:1: 1341 daAuts
     D:4: 1099 daAuts
     D:2: 909 daAuts
     D:8: 728 daAuts
     D:6: 671 daAuts
     D:3: 574 daAuts
     D:9: 257 daAuts
  Temple: 12 daAuts
